AoeStats
← Jaguar82

Arabia

510465722Analyzed
1v1 RM · 3d ago on Oct 1, 2026· 30m 39s· 2 players
Game mode
Random Map
Map size
Tiny (2 player)
Population
200
Speed
Normal
Resources
Standard
Victory
Conquest
Starting age
Dark Age
Ending age
Imperial Age
RankedLock teamsTeams togetherTeam positionsShared explorationLock speedFull tech treeHidden civsTurbo modeCheats
Victory
Defeat
🇭🇰 Magyars · Hong Kong SAR China
1518
+15
🇲🇽 Khitans · Mexico
1491
-15
Jaguar82
6:13 Loom
9:08 Feudal Age
9:46 Double-Bit Axe
10:25 Domestication
16:23 Forging
16:53 Scale Barding Armor
23:33 Castle Age
21:58 Gold Mining
23:38 Wheelbarrow
24:52 Iron Casting
27:13 Squires
26:59 Arson
lamlam32
5:58 Loom
8:38 Feudal Age
9:19 Double-Bit Axe
20:39 Castle Age
19:54 Scale Barding Armor
20:10 Gold Mining
20:22 Horse Collar
25:15 Bloodlines
Connection lost

Rejoining the realm…

Still unreachable

The connection could not be restored.

Session expired

The server has moved on; the page needs a fresh start.